 Dungeon Crawl Stone Soup version 0.29-a0-541-gaf1fc19f1b (webtiles) character file.

Game seed: 3368005190536622604

9417 grumblor the Fighter (level 11, -8/93 HPs)
             Began as a Mummy Fighter on June 3, 2022.
             Was an Initiate of Gozag.
             Mangled by Snorg (12 damage)
             ... on level 10 of the Dungeon.
             The game lasted 00:23:39 (10603 turns).

grumblor the Fighter (Mummy Fighter)               Turns: 10603, Time: 00:23:40

Health: -8/93      AC: 13    Str: 24    XL:     11   Next: 22%
Magic:  11/11      EV:  7    Int:  7    God:    Gozag
Gold:   1011       SH:  9    Dex: 12    Spells: 10/10 levels left

rFire   x . .      SeeInvis +   p - +5 hand axe (vamp)
rCold   + . .      Faith    .   v - +0 kite shield
rNeg    + + +      Spirit   .   x - +0 chain mail "Rizocim" {Regen+}
rPois   ∞          Reflect  .   (no helmet)
rElec   .          Harm     .   D - +0 cloak
rCorr   +          Rampage  .   b - +0 pair of gloves
Will    +....                   j - +0 pair of boots
Stlth   ..........              h - amulet of regeneration
HPRegen 1.85/turn               f - ring of see invisible
MPRegen 0.12/turn               q - ring of resist corrosion

@: studying Evocations
A: cold resistance 1, negative energy resistance 3, torment resistance 2, heat
vulnerability 1, in touch with death 1, no potions
a: Renounce Religion, Potion Petition, Call Merchant, Bribe Branch


You were on level 10 of the Dungeon.
You worshipped Gozag.
Gozag was most pleased with you.
You visited 2 branches of the dungeon, and saw 11 of its levels.
You also visited: Sewer.

You collected 1676 gold pieces.
You spent 572 gold pieces at shops.
You paid 93 gold pieces to Gozag.

Inventory:

Hand Weapons
 a - a +1 war axe of protection
 p - a +5 vampiric hand axe (weapon)
Missiles
 d - 10 javelins (quivered)
 g - 34 poisoned darts
 o - 5 boomerangs
 t - 5 silver javelins
 y - a boomerang of dispersal
 B - 2 silver boomerangs
Armour
 b - a +0 pair of gloves (worn)
 j - a +0 pair of boots (worn)
 v - a +0 kite shield (worn)
 x - the +0 chain mail "Rizocim" (worn) {Regen+}
   (You took it off an orc priest on level 8 of the Dungeon)

   Regen:     It increases your rate of health regeneration.
 D - a +0 cloak (worn)
Jewellery
 f - a ring of see invisible (left hand)
 h - an amulet of regeneration (around neck)
 q - a ring of resist corrosion (right hand)
Wands
 k - a wand of flame (62)
 l - a wand of charming (10)
 m - a wand of digging (1)
 n - a wand of polymorph (4)
 r - a wand of iceblast (7)
 w - a wand of mindburst (9)
Scrolls
 e - 2 scrolls of fear
 i - a scroll of silence
 s - a scroll of poison {unknown}
 z - a scroll of fog
 A - a scroll of enchant armour {unknown}
Miscellaneous
 C - a tin of tremorstones (2/2)


   Skills:
 * Level 11.5 Fighting
 - Level 8.0 Axes
 - Level 2.0 Throwing
 + Level 5.8 Armour
 - Level 2.0 Dodging
 + Level 4.3 Shields
 * Level 5.7 Evocations


You had 10 spell levels left.
You didn't know any spells.
Your spell library contained the following spells:

 Spells                   Type           Power      Damage    Failure   Level
 Summon Small Mammal      Summ           0%         N/A       100%        1
 Ensorcelled Hibernation  Hex/Ice        0%         N/A       100%        2
 Call Canine Familiar     Summ           0%         N/A       100%        3
 Summon Guardian Golem    Hex/Summ       0%         N/A       100%        3
 Anguish                  Hex/Necr       0%         N/A       100%        4
 Fireball                 Conj/Fire      0%         3d3       100%        5
 Starburst                Conj/Fire      0%         6d3       100%        6
 Ignition                 Fire           0%         3d3       100%        8
 Spider Form              Tmut/Pois      Unusable   N/A       N/A         3

Dungeon Overview and Level Annotations

Branches:
Dungeon (10/15)            Temple (1/1) D:4            Lair (0/6) D:10
  Sewer (visited)
    Orc: D:9-12

Altars:
Ashenzari
Cheibriados
Dithmenos
Elyvilon
Fedhas
Gozag
Hepliaklqana
Kikubaaqudgha
Makhleb
Nemelex Xobeh
Okawaru
Qazlal
Ru
Sif Muna
Trog
Uskayaw
Vehumet
Wu Jian
Xom
Yredelemnul
Zin
The Shining One

Shops:
D:4 *   D:5 **

Annotations:
D:10 Snorg


Innate Abilities, Weirdness & Mutations

You are immune to poison.
Your flesh is cold resistant. (rC+)
You are immune to negative energy. (rN+++)
You are immune to unholy pain and torment.
You are vulnerable to heat. (rF-)
You are in touch with the powers of death.
You do not drink.


Message History

Aim: Snorg (heavily wounded, covered in acid, chance to affect: 52%) Snorg resists with significant effort.
Snorg goes berserk!
Aiming: Mindburst
Press: ? - help, Shift-Dir - straight line, f/p - Snorg
Aim: Snorg (heavily wounded, berserk, covered in acid, chance to affect: 52%) Snorg's mind is blasted!!
Aiming: Mindburst
Press: ? - help, Shift-Dir - straight line, f/p - Snorg
Aim: Snorg (severely wounded, berserk, covered in acid, chance to affect: 52%) Snorg resists with significant effort.
Snorg bites you but does no damage. Snorg claws you!
Snorg claws you but does no damage.
You hit Snorg.
Snorg is severely wounded.
Snorg bites you! Snorg claws you. x2
You slash Snorg!
You feel better.
Snorg is severely wounded.
Snorg bites you. Snorg claws you! You block Snorg's attack. x2
Snorg barely misses you. Snorg claws you but does no damage.
You slash Snorg!
You feel better.
Snorg is almost dead.
Snorg bites you but does no damage. You block Snorg's attack.
Snorg barely misses you. Snorg bites you but does no damage.
You block Snorg's attack. Snorg claws you but does no damage.
You hit Snorg.
Snorg is almost dead.
Snorg bites you but does no damage. Snorg claws you! Snorg claws you.
You hit Snorg.
Snorg is almost dead.
Snorg bites you! Snorg claws you! Snorg claws you.
Snorg bites you but does no damage. Snorg claws you.
Snorg claws you but does no damage.
You completely miss Snorg.
Snorg is almost dead.
Snorg bites you!
* * * LOW HITPOINT WARNING * * *
Snorg claws you!
* * * LOW HITPOINT WARNING * * *
Snorg claws you!
You die...
Your body crumbles into a pile of gold.

.........................
$..............(..........
.........................
########..####....#######
#.## ##...# ### #....#
#.#..>## #.##....# #.#
#@..#.# #.# #T..##.# #.#
#...########.# .#
#...##...###/#
#...#..###.#.#
#...#.##...# #
#.)!..#....#.#
#....#####.#.#
#<...#...#...#


You could see Snorg (berserk, corroded).

Vanquished Creatures
  A two-headed ogre (D:10)
  Lodul (D:9)
  Pikel (D:4)
  An elephant (D:9)
  Psyche (D:8)
  A komodo dragon (D:10)
  A kobold demonologist (D:6)
  A hornet (D:9)
  Grinder (D:3)
  Sigmund (D:3)
  6 yaks
  A wyvern (D:9)
  A basilisk (D:9)
  A steam dragon (D:9)
  Menkaure (D:4)
  An acid dragon (D:9)
  2 water moccasins
  2 ice beasts
  3 sky beasts
  2 black bears
  9 ogres
  4 centaurs
  4 kobold brigands
  2 elf zombies (D:4)
  3 necrophages
  2 bullfrogs
  2 gnoll sergeants
  2 elf skeletons (D:4)
  3 scorpions
  4 wights (D:8)
  4 electric eels
  4 howler monkeys
  4 hounds
  8 orc priests
  A jelly (D:7)
  2 gnoll shamans
  An iguana (D:6)
  6 orc wizards
  21 gnolls
  5 adders
  A river rat (D:4)
  A shadow imp (D:6)
  A white imp (D:6)
  3 worms
  A dart slug (D:5)
  43 orcs
  8 ball pythons
  11 bats
  7 endoplasms
  5 giant cockroaches
  10 goblins
  7 hobgoblins
  8 jackals (D:1)
  6 quokkas
  4 frilled lizards
  24 kobolds
  An orc skeleton (D:4)
  An orc zombie (D:4)
  8 rats
271 creatures vanquished.

Vanquished Creatures (others)
  5 fungi
  44 plants
  2 withered plants (D:4)
51 creatures vanquished.

Grand Total: 322 creatures vanquished

Notes
Turn   | Place    | Note
-------+----------+-------------------------------------------
     0 | D:1      | grumblor the Mummy Fighter began the quest for the Orb.
     0 | D:1      | Reached XP level 1. HP: 18/18 MP: 1/1
   133 | D:1      | Reached XP level 2. HP: 24/24 MP: 2/2
   688 | D:1      | Gained mutation: You are in touch with the powers of death.
                  | [Mummy growth]
   688 | D:1      | Reached XP level 3. HP: 30/30 MP: 3/3
   689 | D:1      | Found a faded altar of an unknown god.
  1414 | D:2      | Reached XP level 4. HP: 25/37 MP: 4/4
  1567 | D:2      | Reached skill level 4 in Fighting
  2052 | D:3      | Noticed Sigmund
  2081 | D:3      | Killed Sigmund
  2082 | D:3      | Reached skill level 1 in Throwing
  2082 | D:3      | Reached skill level 1 in Dodging
  2082 | D:3      | Reached XP level 5. HP: 22/43 MP: 5/5
  2262 | D:3      | Reached XP level 6. HP: 49/49 MP: 6/6
  2651 | D:3      | Noticed Grinder
  2651 | D:3      | Paralysed by Grinder for 5 turns
  2661 | D:3      | Paralysed by Grinder for 4 turns
  2667 | D:3      | Killed Grinder
  2668 | D:3      | Reached skill level 5 in Fighting
  2893 | D:4      | Found a glowing drain.
  2896 | D:4      | Reached XP level 7. HP: 56/56 MP: 7/7
  2912 | Sewer    | Entered a sewer
  3249 | D:4      | Found a basalt altar of Yredelemnul.
  3271 | D:4      | Noticed Pikel
  3289 | D:4      | Killed Pikel
  3290 | D:4      | Reached skill level 6 in Fighting
  3290 | D:4      | Reached skill level 5 in Axes
  3290 | D:4      | Reached XP level 8. HP: 58/65 MP: 8/8
  3473 | D:4      | Found a snail-covered altar of Cheibriados.
  3639 | D:4      | Found a staircase to the Ecumenical Temple.
  3772 | D:4      | Reached skill level 7 in Fighting
  3972 | D:4      | Found Ygodez's Mass Market.
  4030 | D:4      | Found a burning altar of Makhleb.
  4177 | D:5      | Entered Level 5 of the Dungeon
  4249 | D:5      | Reached skill level 8 in Fighting
  4334 | D:5      | Found Reniv's General Store.
  4338 | D:5      | Found Hoikigh's Specific Store.
  4449 | Temple   | Entered the Ecumenical Temple
  4796 | D:5      | Found an opulent altar of Gozag.
  4806 | D:5      | Reached XP level 9. HP: 74/74 MP: 9/9
  4809 | D:5      | Became a worshipper of Gozag Ym Sagoz the Greedy
  5356 | D:6      | Noticed a kobold demonologist
  5364 | D:6      | Noticed a soul eater
  5369 | D:6      | Killed a kobold demonologist
  5370 | D:6      | Reached skill level 1 in Evocations
  5600 | D:6      | Reached skill level 9 in Fighting
  6935 | D:5      | Bought a scroll of acquirement for 572 gold pieces
  6938 | D:5      | Acquired a manual of Evocations
  7167 | D:8      | Noticed Psyche
  7175 | D:8      | Killed Psyche
  7176 | D:8      | Reached XP level 10. HP: 85/85 MP: 10/10
  7311 | D:8      | Found a shimmering altar of Xom.
  7354 | D:8      | Found an ancient bone altar of Kikubaaqudgha.
  7465 | D:8      | Identified the +0 chain mail "Rizocim" {Regen+}
  7520 | D:8      | Reached skill level 10 in Fighting
  7888 | D:8      | Found an iron altar of Okawaru.
  7893 | D:8      | Found a shimmering blue altar of Sif Muna.
  7893 | D:8      | Found a hide-covered altar of Uskayaw.
  7897 | D:8      | Found a hazy altar of Hepliaklqana.
  8762 | D:10     | Entered Level 10 of the Dungeon
  8762 | D:10     | Found a broken altar of Ashenzari.
  8763 | D:10     | Noticed Snorg
  8791 | D:10     | Noticed a two-headed ogre
  8822 | D:10     | Killed a two-headed ogre
  8865 | D:10     | Noticed an elephant
  9057 | D:9      | Reached skill level 11 in Fighting
  9079 | D:9      | Killed an elephant
  9080 | D:9      | Reached skill level 5 in Armour
  9080 | D:9      | Reached skill level 5 in Evocations
  9149 | D:10     | Noticed Lodul
  9449 | D:4      | Noticed Menkaure
  9455 | D:4      | Killed Menkaure
  9456 | D:4      | Reached XP level 11. HP: 82/93 MP: 11/11
 10144 | D:9      | Killed Lodul
 10556 | D:10     | Found a staircase to the Lair.
 10603 | D:10     | HP: 4/93 [Snorg (13)]
 10603 | D:10     | Mangled by Snorg

Illustrated notes

Levels and vault maps discovered:
D:1:      erik_arrival_triangle_small, layout_basic,
          hellmonk_ecumenical_altar_zigzags, serial_bayou, serial_bayou_pond_e,
          serial_bayou_ford_a, serial_bayou_lagoon_a, serial_bayou_lake_a,
          serial_bayou_shore_a, serial_bayou_pond_b
D:2:      layout_loops_ring
D:3:      layout_basic, uniq_sigmund, uniq_grinder
D:4:      layout_basic, yredelemnul_altar_generic, makhleb_heckhound_becter,
          slow_altar_2, mainiacjoe_overflow_brackets,
          minmay_temple_entry_arrows, nicolae_ossuary_entry_catacombs,
          cheibrodos_sewer_entry_sluice, minmay_shop_mass, uniq_pikel,
          uniq_menkaure
D:5:      layout_basic, mainiacjoe_overflow_alcove_1, st_stairs_12,
          nicolae_specific_store
D:6:      layout_loops_ring, nicolae_elyvilon_temple_path
D:7:      layout_gridville, kennysheep_generic_room_6
D:8:      layout_loops_cross, mainiacjoe_overflow_alcove_2, minitemple,
          marbit_many_paths, nrook_pool_corridor, uniq_psyche
D:9:      layout_roguey, minivault_14
D:10:     layout_cross, nicolae_ashenzari_skybound, david_lair_generic,
          hiddenorc2_lemuel, uniq_lodul, uniq_snorg
Temple:   nicolae_temple_figure_zero

Skill      XL: |  1  2  3  4  5  6  7  8  9 10 |
---------------+-------------------------------+-----
Axes           | 2 3 4 5 6 7 8 |  8.0
Fighting       | 4 5 6 8 9 11 | 11.5
Throwing       | 1 2 |  2.0
Dodging        | 1 2 |  2.0
Armour         | 3 4 5 |  5.8
Shields        | 3 4 |  4.3
Evocations     | 2 5 |  5.7

Action                   |  1- 3 |  4- 6 |  7- 9 | 10-12 || total
-------------------------+-------+-------+-------+-------++-------
Melee: War axe           |   118 |   111 |   293 |       ||   522
       Hand axe          |       |       |   142 |   292 ||   434
Throw: Javelin           |       |     7 |     8 |     1 ||    16
       Dart              |       |     4 |     8 |    15 ||    27
       Boomerang         |       |       |     1 |       ||     1
Evoke: Wand              |       |       |     5 |    22 ||    27
  Use: Scroll            |     1 |     6 |     6 |     6 ||    19
 Stab: Distracted        |       |       |     2 |     1 ||     3
Armor: Scale mail        |    99 |    38 |       |       ||   137
       Chain mail        |       |     9 |   265 |   150 ||   424
Dodge: Dodged            |    79 |    42 |   180 |   129 ||   430
Block: Buckler           |    35 |    15 |    84 |    19 ||   153
       Kite shield       |       |       |       |    84 ||    84

Table legend: (Time is in decaauts)
 A = Elapsed time spent in this place.
 B = Non-inter-level travel time spent in this place.
 C = Inter-level travel time spent in this place.
 D = Time resting spent in this place.
 E = Time spent auto-exploring this place.
 F = Levels seen in this place.
 G = Mean time per level.
                   A        B        C        D        E       F      G
               +--------+--------+--------+--------+--------+-----+--------+
         Total |  10882 |  10177 |    705 |   1212 |   6317 |  12 |  906.8 |
       Dungeon |  10389 |   9694 |    695 |   1170 |   6097 |  10 | 1038.9 |
        Temple |    123 |    113 |     10 |      0 |    111 |   1 |  123.0 |
         Sewer |    369 |    369 |      0 |     42 |    109 |   1 |  369.0 |
               +--------+--------+--------+--------+--------+-----+--------+

Top non-repeatable levels by time:
     D:9: 2037 daAuts
     D:1: 1305 daAuts
     D:4: 1145 daAuts
     D:8: 1057 daAuts
     D:5: 926 daAuts
     D:7: 923 daAuts
     D:6: 906 daAuts
     D:3: 900 daAuts
     D:2: 816 daAuts
    D:10: 370 daAuts
   Sewer: 369 daAuts
  Temple: 123 daAuts
